 Dungeon Crawl Stone Soup version 0.31-a0-986-g5e6e4ef867 (webtiles) character file.

Game seed: 16557287567403884830

353122 Vomitron the Slayer (level 21, -1/207 (209) HPs)
             Began as a Minotaur Fighter on Nov 11, 2023.
             Was a High Priest of Okawaru.
             Killed from afar by a tengu reaver (35 damage)
             ... with a bolt of lightning
             ... on level 5 of the Vaults.
             The game lasted 01:24:51 (41341 turns).

Vomitron the Slayer (Minotaur Fighter)             Turns: 41341, Time: 01:24:51

HP:   -1/207 (209)  AC: 34    Str: 28    XL:     21   Next: 33%
MP:   28/32         EV: 15    Int:  5    God:    Okawaru [*****.]
Gold: 2672          SH: 25    Dex: 11    Spells: 20/20 levels left

rFire   + + .        H - +16 lance "Wyrmbane" {slay drac, rPois rF+ rC+ AC+3}
rCold   + + .        F - +0 tower shield
rNeg    . . .        k - +1 chain mail of the Known World {rPois rC+ Will++ Dex-5}
rPois   +            p - +1 hat
rElec   .            s - +2 cloak {rCorr}
rCorr   +            v - +3 pair of gauntlets of War {Slay+5}
SInv    .            w - +2 pair of boots {rampage}
Will    +++..        i - amulet of reflection
Stlth   +            I - ring of protection from fire
HPRegen 0.54/turn    x - +4 ring of slaying
MPRegen 0.23/turn

%: reflection, rampage
@: heroic, finesse-ful, lightly drained
A: horns 2, retaliatory headbutt, thin skeletal structure 1, noise suppression
}: 2/15 runes: decaying, gossamer
a: Renounce Religion, Heroism, Finesse, Duel


You were on level 5 of the Vaults.
You worshipped Okawaru.
Okawaru was extremely pleased with you.
You visited 7 branches of the dungeon, and saw 36 of its levels.
You visited the Abyss 1 time.
You also visited: Sewer, Volcano and Wizlab.

You collected 3659 gold pieces.
You spent 987 gold pieces at shops.

Inventory:

Hand Weapons
 H - the +16 lance "Wyrmbane" (weapon) {slay drac, rPois rF+ rC+ AC+3}
   (You took it off Maggie on level 10 of the Dungeon)

   AC+3:      It affects your AC (+3).
   rF+:       It protects you from fire.
   rC+:       It protects you from cold.
   rPois:     It protects you from poison
 S - a +1 demon blade of electrocution
Missiles
 B - 11 curare-tipped darts (quivered)
 Q - a throwing net
 T - 28 silver javelins
Armour
 k - the +1 chain mail of the Known World (worn) {rPois rC+ Will++ Dex-5}
   (You found it on level 12 of the Dungeon)

   Dex-5:     It affects your dexterity (-5).
   rC+:       It protects you from cold.
   rPois:     It protects you from poison Will++: It greatly increases your
   willpower.
 p - a +1 hat (worn)
 s - a +2 cloak of preservation (worn)
 v - the +3 pair of gauntlets of War (worn) {Slay+5}
   (You found it on level 14 of the Dungeon)

   Slay+5:    It affects your accuracy & damage with ranged weapons and melee
   (+5).
 w - a +2 pair of boots of rampaging (worn)
 C - a scarf of resistance
 F - a +0 tower shield (worn)
 M - the +0 pair of gloves of Prudence {rElec rPois Int+3 Dex-2}
   (You acquired it on level 4 of the Vaults)

   Int+3:     It affects your intelligence (+3).
   Dex-2:     It affects your dexterity (-2).
   rElec:     It insulates you from electricity.
   rPois:     It protects you from poison
Jewellery
 c - a ring of willpower
 h - a ring of protection from cold
 i - an amulet of reflection (around neck)
 x - a +4 ring of slaying (right hand)
 I - a ring of protection from fire (left hand)
 V - a ring of see invisible
Wands
 m - a wand of quicksilver (16)
 K - a wand of mindburst (12)
 N - a wand of flame (91)
 P - a wand of iceblast (19)
 X - a wand of digging (13)
Scrolls
 a - 14 scrolls of identify
 b - 8 scrolls of fear
 g - 3 scrolls of enchant weapon
 j - 3 scrolls of blinking
 r - 14 scrolls of fog
 y - 6 scrolls of amnesia
 D - 2 scrolls of revelation
 E - 15 scrolls of teleportation
 J - 2 scrolls of poison
 R - 5 scrolls of enchant armour
Potions
 d - 7 potions of might
 e - 7 potions of curing
 f - a potion of berserk rage
 l - 4 potions of resistance
 n - 6 potions of cancellation
 o - 8 potions of attraction
 q - 7 potions of heal wounds
 t - 8 potions of brilliance
 u - 4 potions of mutation
 z - 5 potions of magic
 A - 9 potions of haste
 G - 9 potions of lignification
 L - 5 potions of ambrosia
 O - 3 potions of invisibility
 Z - 2 potions of enlightenment
Miscellaneous
 U - a lightning rod (4/4)
 Y - a phantom mirror


   Skills:
 + Level 22.4(27) Fighting
 - Level 14.0(19.0) Long Blades
 - Level 18.0(23.0) Polearms
 - Level 10.0(15.0) Throwing
 - Level 17.0(22.0) Armour
 + Level 13.4(18.4) Dodging
 + Level 15.1(20.1) Shields
 - Level 10.1(15.1) Unarmed Combat
 - Level 16.0 Invocations


You had 20 spell levels left.
You didn't know any spells.
Your spell library contained the following spells:

 Spells                   Type           Power      Damage    Failure   Level
 Apportation              Tloc           0%         N/A       88%         1
 Freeze                   Ice            0%         1d3       88%         1
 Kiss of Death            Conj/Necr      0%         2d5       88%         1
 Magic Dart               Conj           0%         1d3       88%         1
 Necrotise                Necr           0%         1d4       88%         1
 Shock                    Conj/Air       0%         1d3       88%         1
 Slow                     Hex            0%         N/A       88%         1
 Sting                    Tmut/Pois      0%         1d3       88%         1
 Jinxbite                 Hex            0%         N/A       96%         2
 Poisonous Vapours        Pois/Air       0%         N/A       96%         2
 Searing Ray              Conj           0%         2d4       96%         2
 Static Discharge         Conj/Air       0%         3-3/arc   96%         2
 Sublimation of Blood     Necr           0%         N/A       96%         2
 Wereblood                Tmut           0%         N/A       96%         2
 Confusing Touch          Hex            0%         N/A       99%         3
 Dazzling Flash           Conj/Hex       0%         N/A       99%         3
 Frozen Ramparts          Ice            0%         1d1       99%         3
 Hailstorm                Conj/Ice       0%         3d3       99%         3
 Inner Flame              Hex/Fire       0%         N/A       99%         3
 Mephitic Cloud           Conj/Pois/Air  0%         N/A       99%         3
 Ozocubu's Armour         Ice            0%         N/A       99%         3
 Sigil of Binding         Hex            0%         N/A       99%         3
 Swiftness                Air            0%         N/A       99%         3
 Vampiric Draining        Necr           0%         2d6       99%         3
 Volatile Blastmotes      Fire/Tloc      0%         2d10      99%         3
 Airstrike                Air            0%         2d(0-16)  100%        4
 Dispel Undead            Necr           0%         3d6       100%        4
 Flame Wave               Conj/Fire      0%         2d4       100%        4
 Fulminant Prism          Conj/Hex       0%         3d5       100%        4
 Iskenderun's Mystic Bla  Conj/Tloc      0%         2d3       100%        4
 Olgreb's Toxic Radiance  Pois           0%         N/A       100%        4
 Passage of Golubria      Tloc           0%         N/A       100%        4
 Sticky Flame             Conj/Fire      0%         2d3       100%        4
 Agony                    Necr           0%         N/A       100%        5
 Alistair's Intoxication  Tmut/Pois      0%         N/A       100%        5
 Borgnjor's Vile Clutch   Necr/Erth      0%         N/A       100%        5
 Irradiate                Conj/Tmut      0%         3d11      100%        5
 Metabolic Englaciation   Hex/Ice        0%         N/A       100%        5
 Silence                  Hex/Air        0%         N/A       100%        5
 Eringya's Noxious Bog    Tmut/Pois      0%         4d6       100%        6
 Starburst                Conj/Fire      0%         6d3       100%        6
 Ozocubu's Refrigeration  Ice            0%         4d7       100%        7
 Lehudib's Crystal Spear  Conj/Erth      0%         10d2      100%        8
 Maxwell's Capacitive Co  Air            0%         ∞         100%        8
 Summon Small Mammal      Summ           Unusable   N/A       N/A         1
 Call Imp                 Summ           Unusable   N/A       N/A         2
 Summon Lightning Spire   Summ/Air       Unusable   N/A       N/A         4
 Simulacrum               Ice/Necr       Unusable   N/A       N/A         6
 Summon Hydra             Summ           Unusable   N/A       N/A         7

Dungeon Overview and Level Annotations

Branches:
Dungeon (15/15)            Temple (1/1) D:5            Lair (5/5) D:9
  Swamp (4/4) Lair:2       Spider (4/4) Lair:3        Slime (0/5) Lair:5
    Orc (2/2) D:10            Elf (0/3) Orc:2        Vaults (5/5) D:14
  Crypt (0/3) Vaults:3     Depths (0/4) D:15          Sewer (visited)
Volcano (visited)          WizLab (visited)

Altars:
Ashenzari
Cheibriados
Dithmenos
Elyvilon
Fedhas
Gozag
Hepliaklqana
Kikubaaqudgha
Makhleb
Nemelex Xobeh
Okawaru
Qazlal
Ru
Sif Muna
Trog
Uskayaw
Vehumet
Wu Jian
Xom
Yredelemnul
Zin
The Shining One

Shops:
D:13 !   Orc:2 ??(*:

Annotations:
D:11 2 transporters
Lair:5 1 runed translucent door
Swamp:2 exclusion: 2 oklob plants


Innate Abilities, Weirdness & Mutations

You have a pair of horns on your head.
You reflexively headbutt those who attack you in melee.
You have a somewhat thin skeletal structure. (Dex +2, Stealth+)
You passively dampen the noise of your surroundings.


Message History

The titan resists with almost no effort.
The yaktaur captain resists with some effort.
The yaktaur captain shoots a bolt.
The bolt hits you but does no damage.
Unknown command.
Unknown command.
Unknown command.
You impale the titan!!
The titan is moderately wounded.
You block the titan's attack.
The yaktaur captain shoots a bolt.
You block the bolt with an invisible shield... and reflect it back!
The bolt hits the yaktaur captain!
Unknown command.
You can now deal lightning-fast blows.
The stone giant seems to regain its courage.
The titan waves its arms in wide circles.
The air twists around and strikes you!
* * * LOW HITPOINT WARNING * * *
The stone giant throws a large rock.
You block the large rock with an invisible shield... and reflect it back!
The large rock hits the stone giant!!!
You impale the titan!! You headbutt the titan!
The titan is heavily wounded.
Unknown command.
You impale the titan!!
The titan is severely wounded.
The titan hits you but does no damage.
You impale the yaktaur captain!!
You kill the yaktaur captain!
Okawaru accepts your kill.
You puncture the titan! You headbutt the titan!
You kill the titan!
Okawaru accepts your kill.
You rampage towards the stone giant!
You impale the stone giant!!
The stone giant is almost dead.
You puncture the stone giant!
You kill the stone giant!
Okawaru accepts your kill.
The tengu reaver gestures at you while chanting.
The bolt of lightning hits you!!
You die...

.
...##############
......(........^.
.#..##.@).##....
# ##..## .. #.
##).## ..
#..##Q)..##...
#...†.)$..... .
#..##....##C....
#. ##..## ...# #.
##))## .).#
#..##.[..##.....


You could see a tengu reaver (repels missiles).

Vanquished Creatures
  A dread lich (Vaults:5)
  Frederick (Vaults:5)
  Nikola (Swamp:1)
  Arachne (Spider:3)
  Jorgrun (Orc:1)
  A Cloud Mage (WizLab)
  Rupert (D:12)
  A sphinx (Vaults:4)
  A titan (Vaults:5)
  3 tentacled starspawn (Abyss:2)
  Frances (D:13)
  A tengu reaver (Vaults:4)
  The ghost of Antoec the Unseen, an adept VSBr of Sif Muna (Vaults:4)
  2 shadow dragons (Vaults:5)
  Kirke (D:14)
  Aizul (Swamp:3)
  Roxanne (D:14)
  4 thorn hunters (Swamp:2)
  The ghost of Qitorr the Bludgeoner, an adept FoFi of Zin (D:15)
  A fenstrider witch (Swamp:4)
  3 fire giants
  A frost giant (Vaults:5)
  10 vault wardens
  8 emperor scorpions
  Louise (D:14)
  12 ironbound preservers
  2 ghost moths
  A draconian shifter (Abyss:2)
  3 orc warlords
  3 formless jellyfish
  5 ironbound thunderhulks
  6 war gargoyles
  4 stone giants
  Nessos (D:13)
  3 broodmothers
  Azrael (D:13)
  A lorocyproca (Abyss:2)
  7 eleionomae
  6 spark wasps
  4 bunyips
  A red draconian (Volcano)
  13 dire elephants
  Snorg (D:13)
  A deep elf death mage (Vaults:2)
  4 blizzard demons (WizLab)
  2 ettins
  Josephine (D:13)
  2 shambling mangroves (Swamp:2)
  3 fire dragons (Swamp:4)
  2 rakshasas
  A deep elf high priest (Vaults:4)
  5 entropy weavers
  30 vault guards
  14 yaktaur captains
  14 hydras
  8 great orbs of eyes
  An entropy weaver (shapeshifter) (D:14)
  Erolcha (D:10)
  3 alligators
  3 peacekeepers
  A radroach (Spider:3)
  3 ghost crabs (WizLab)
  3 spriggan air magi (WizLab)
  2 catoblepae
  11 centaur warriors
  7 ironbound frosthearts
  A jorogumo (Spider:3)
  A tengu warrior (D:15)
  4 two-headed ogres
  A deep troll shaman (Lair:5)
  19 death yaks
  A deep troll earth mage (D:15)
  3 demonic crawlers (Spider:1)
  12 boulder beetles
  8 orc high priests
  2 shock serpents (WizLab)
  A thrashing horror (Abyss:2)
  2 occultists (D:12)
  Nergalle (Lair:2)
  A deep elf knight (Spider:1)
  5 hell knights
  Sonja (D:12)
  A storm dragon zombie (Abyss:2)
  3 skysharks (Lair:5)
  A sun moth (Spider:1)
  4 pharaoh ants
  A skeletal warrior (D:10)
  A shadow wraith (D:14)
  7 goliath frogs
  34 deep trolls
  4 spriggan druids
  6 lindwurms
  5 death drakes
  3 bog bodies
  13 orb spiders
  A swamp dragon (shapeshifter) (D:13)
  5 swamp dragons
  15 ironbound convokers
  6 arcanists
  A deep elf archer (Spider:1)
  A steelbarb worm (shapeshifter) (Vaults:3)
  A harpy (Vaults:1)
  4 phantasmal warriors
  3 necromancers (D:12)
  15 orc knights
  26 ugly things
  3 orc sorcerers (Orc:2)
  5 manticores
  6 steelbarb worms
  24 wolf spiders
  9 cyclopes
  9 will-o-the-wisps
  A cyclops (shapeshifter) (Vaults:4)
  4 moths of wrath
  22 elephants
  Maurice (Orc:1)
  A water nymph (shapeshifter) (D:15)
  5 black mambas
  9 centaur zombies (D:10)
  2 rust devils (D:12)
  A black mamba (shapeshifter) (Vaults:5)
  6 torpor snails
  3 orange demons
  A gargoyle (D:12)
  3 apocalypse crabs (WizLab)
  15 vault sentinels
  5 centaur skeletons (D:10)
  13 cane toads
  Maggie (D:10)
  3 rime drakes (Lair:3)
  A freezing wraith (D:9)
  7 komodo dragons
  Psyche (D:10)
  2 efreet
  An unseen horror skeleton (D:10)
  An ice devil (Abyss:2)
  3 tengu conjurers (D:14)
  46 yaktaurs
  A queen bee (Spider:2)
  8 trolls
  6 meliai (Spider:2)
  20 hornets
  An ancient zyme (Abyss:2)
  5 polar bears
  3 wind drakes (WizLab)
  7 raiju
  A meliai zombie (D:10)
  9 tyrant leeches
  27 tarantellas
  11 dream sheep
  11 blink frogs
  24 jumping spiders
  39 slime creatures
  20 culicivoras
  4 flying skulls (D:10)
  4 centaur simulacra
  6 air elementals (WizLab)
  14 spriggans
  48 yaks
  5 shadows (D:10)
  5 starcursed masses (Abyss:2)
  4 humans (D:14)
  6 wyverns
  7 wraiths
  3 fire bats (Swamp:4)
  6 basilisks
  3 fire elementals (D:13)
  3 hogs (D:14)
  Grum (D:10)
  51 redbacks
  A redback simulacrum (D:15)
  17 vampire mosquitoes
  A small abomination (Abyss:2)
  2 steam dragons (D:6)
  15 swamp worms
  A warg (D:10)
  2 acid dragons (D:9)
  10 hell hounds
  8 water moccasins
  Pargi (Sewer)
  32 orc warriors
  A meliai simulacrum (D:14)
  3 black bears
  11 swamp drakes
  4 ice beasts
  6 ogres
  28 wolves
  13 centaurs
  7 boggarts
  2 phantoms
  2 kobold brigands
  12 bullfrogs
  A gnoll sergeant (D:7)
  6 scorpions
  16 wights
  29 killer bees
  4 howler monkeys
  An electric eel (Spider:4)
  A jelly (D:6)
  A lava snake (Swamp:4)
  22 orc priests
  6 hounds
  A sleepcap (D:8)
  A gnoll bouda (D:5)
  2 iguanas
  34 orc wizards
  Robin (D:2)
  A howler monkey skeleton (D:10)
  16 gnolls
  8 adders
  A shadow imp (D:6)
  2 white imps
  2 ufetubi (D:6)
  3 worms
  2 dart slugs
  105 orcs
  9 ball pythons
  7 giant cockroaches
  16 goblins
  12 hobgoblins
  3 jackals (D:2)
  21 kobolds
  3 quokkas
  4 bats
  4 frilled lizards
  5 rats
  5 starspawn tentacles (Abyss:2)
1580 creatures vanquished.

Vanquished Creatures (others)
  A hydra (Swamp:4)
  A yaktaur (Volcano)
  A bloated husk (Swamp:1)
  3 swamp drakes (Swamp:4)
  A shadow imp (D:6)
  33 foxfires
  5 starspawn tentacles (Abyss:2)
45 creatures vanquished.

Grand Total: 1625 creatures vanquished

Notes
Turn   | Place    | Note
-------+----------+-------------------------------------------
     0 | D:1      | Vomitron the Minotaur Fighter began the quest for the Orb.
     0 | D:1      | Reached XP level 1. HP: 19/19 MP: 0/0
   272 | D:1      | Reached XP level 2. HP: 23/27 MP: 1/1
  1147 | D:2      | Reached XP level 3. HP: 33/33 MP: 2/2
  1151 | D:2      | Reached skill level 4 in Fighting
  1484 | D:2      | Noticed Robin
  1516 | D:2      | Killed Robin
  1524 | D:2      | Reached XP level 4. HP: 36/40 MP: 3/3
  2148 | D:3      | Noticed a scorpion
  2157 | D:3      | Killed a scorpion
  2158 | D:3      | Reached XP level 5. HP: 47/47 MP: 4/4
  2976 | D:4      | Reached skill level 5 in Long Blades
  3135 | D:4      | Reached XP level 6. HP: 47/55 MP: 5/5
  3226 | D:4      | Reached skill level 5 in Fighting
  3226 | D:4      | Reached skill level 5 in Armour
  3226 | D:4      | Reached skill level 5 in Shields
  3675 | D:4      | Reached XP level 7. HP: 56/61 MP: 6/6
  4173 | D:5      | Entered Level 5 of the Dungeon
  4183 | D:5      | Found a staircase to the Ecumenical Temple.
  4193 | Temple   | Entered the Ecumenical Temple
  4261 | Temple   | Became a worshipper of Warmaster Okawaru
  4403 | D:5      | Reached skill level 6 in Fighting
  4417 | D:5      | Found the +1 Delatra's gloves {ID++}
  4592 | D:5      | Reached XP level 8. HP: 55/70 MP: 7/7
  4593 | D:5      | Reached * piety under Okawaru
  5316 | D:5      | Reached ** piety under Okawaru
  5699 | D:6      | Found a glowing drain.
  5711 | D:6      | Reached skill level 7 in Fighting
  5882 | Sewer    | Entered a sewer
  6025 | Sewer    | Noticed Pargi
  6034 | Sewer    | Killed Pargi
  6035 | Sewer    | Reached XP level 9. HP: 71/79 MP: 8/8
  6120 | D:6      | Reached skill level 1 in Dodging
  6184 | D:6      | Reached skill level 1 in Invocations
  6317 | D:6      | Reached *** piety under Okawaru
  6849 | D:7      | Noticed a two-headed ogre
  6860 | D:7      | Killed a two-headed ogre
  6861 | D:7      | Reached skill level 8 in Fighting
  6861 | D:7      | Reached skill level 10 in Long Blades
  7684 | D:7      | Reached XP level 10. HP: 90/90 MP: 11/11
  7691 | D:7      | Found an ornate altar of the Wu Jian Council.
  7692 | D:7      | Found a snail-covered altar of Cheibriados.
  7693 | D:7      | Found a shimmering blue altar of Sif Muna.
  7694 | D:7      | Found a sacrificial altar of Ru.
  7804 | D:7      | Reached skill level 9 in Fighting
  8358 | D:8      | Reached **** piety under Okawaru
  8359 | D:8      | Reached skill level 5 in Dodging
  8690 | D:8      | Found a sparkling altar of Nemelex Xobeh.
  8961 | D:8      | Reached skill level 5 in Invocations
  9500 | D:9      | Reached skill level 10 in Fighting
  9801 | D:9      | Reached ***** piety under Okawaru
 10007 | D:9      | Found the +8 arc blade {discharge, rElec}
 10007 | D:9      | Noticed a cyclops
 10007 | D:9      | Noticed a centaur warrior
 10015 | D:9      | Noticed a centaur warrior
 10015 | D:9      | Identified the +5 dagger of Chance {freeze, rC+ Str+2
                  | Stlth+}
 10020 | D:9      | Killed a cyclops
 10021 | D:9      | Reached XP level 11. HP: 61/100 MP: 6/14
 10028 | D:9      | Killed a centaur warrior
 10029 | D:9      | Noticed a boulder beetle
 10038 | D:9      | Killed a centaur warrior
 10072 | D:9      | Killed a boulder beetle
 10268 | D:9      | Identified the staff of Impeachment {Contam rElec rN+ Str+3
                  | Air}
 10409 | D:9      | Found a staircase to the Lair.
 10862 | D:10     | Entered Level 10 of the Dungeon
 10862 | D:10     | Noticed Grum
 10876 | D:9      | Received a gift from Okawaru
 10889 | D:10     | Killed Grum
 10986 | D:10     | Reached skill level 11 in Fighting
 11081 | D:10     | Noticed Erolcha
 11092 | D:10     | Killed Erolcha
 11141 | D:10     | Noticed a two-headed ogre
 11146 | D:10     | Noticed Psyche
 11155 | D:10     | Killed Psyche
 11159 | D:10     | Killed a two-headed ogre
 11159 | D:10     | Received a gift from Okawaru
 11165 | D:10     | Noticed a two-headed ogre
 11187 | D:10     | Killed a two-headed ogre
 11188 | D:10     | Reached XP level 12. HP: 86/111 MP: 11/16
 11203 | D:10     | Noticed Maggie
 11206 | D:10     | Found a staircase to the Orcish Mines.
 11213 | D:10     | Killed Maggie
 11251 | D:10     | Received a gift from Okawaru
 11252 | D:10     | Reached skill level 1 in Polearms
 11280 | D:10     | Reached skill level 12 in Fighting
 11500 | D:10     | Received a gift from Okawaru
 11602 | D:10     | Reached skill level 5 in Polearms
 11917 | D:11     | Found a transporter.
 12196 | D:11     | Found a transporter.
 12282 | D:11     | Noticed a centaur warrior
 12291 | D:11     | Killed a centaur warrior
 12291 | D:11     | Received a gift from Okawaru
 12294 | D:11     | Reached ****** piety under Okawaru
 12494 | D:11     | Identified the staff of Cihad {rPois rN++ rCorr MP+9 Int-3
                  | Poison}
 12519 | D:11     | Found a transporter.
 12627 | D:11     | Found a transporter.
 12627 | D:11     | Noticed a boulder beetle
 12650 | D:11     | Killed a boulder beetle
 12651 | D:11     | Reached XP level 13. HP: 119/119 MP: 18/18
 12835 | Lair:1   | Entered Level 1 of the Lair of Beasts
 12852 | D:9      | Reached skill level 13 in Fighting
 12890 | D:9      | Received a gift from Okawaru
 13526 | Lair:2   | Acquired a +0 pair of boots of flying
 13526 | Lair:2   | Received a gift from Okawaru
 13541 | Lair:2   | Acquired a +1 demon blade of electrocution
 13541 | Lair:2   | Received a gift from Okawaru
 13608 | Lair:2   | Received a gift from Okawaru
 13681 | Lair:2   | Found a staircase to the Swamp.
 13752 | Lair:2   | Reached skill level 10 in Polearms
 13993 | Lair:2   | Received a gift from Okawaru
 14148 | Lair:2   | Noticed Nergalle
 14155 | Lair:2   | Killed Nergalle
 14156 | Lair:2   | Reached skill level 10 in Invocations
 14705 | Lair:3   | Found a hole to the Spider Nest.
 14711 | Lair:3   | Reached skill level 14 in Fighting
 14850 | Lair:3   | Reached skill level 10 in Armour
 14850 | Lair:3   | Reached XP level 14. HP: 132/132 MP: 20/20
 14878 | Lair:3   | Received a gift from Okawaru
 15167 | Lair:3   | You are sucked into a shaft and drop 2 floors!
 15167 | Lair:5   | Entered Level 5 of the Lair of Beasts
 15631 | Lair:5   | Reached skill level 15 in Fighting
 15644 | Lair:5   | Received a gift from Okawaru
 15782 | Lair:5   | Found a runed translucent door.
 15802 | Lair:5   | Noticed an acid blob
 15803 | Lair:5   | Found a staircase to the Slime Pits.
 15803 | Lair:5   | Noticed an acid blob
 16258 | Lair:4   | Found a dark tunnel.
 16267 | Volcano  | Entered a volcano
 16288 | Volcano  | Found a burning altar of Makhleb.
 17463 | Lair:5   | Received a gift from Okawaru
 17677 | Lair:5   | Reached XP level 15. HP: 140/143 MP: 22/22
 17686 | Lair:5   | Received a gift from Okawaru
 17694 | Lair:5   | Identified the staff "Omay" {rF+ rC+ Fire}
 18269 | D:12     | Noticed Rupert
 18269 | D:12     | Paralysed by Rupert for 5 turns
 18286 | D:12     | Paralysed by Rupert for 5 turns
 18292 | D:12     | Killed Rupert
 18358 | Orc:1    | Entered Level 1 of the Orcish Mines
 18358 | Orc:1    | Noticed Jorgrun
 18370 | Orc:1    | Killed Jorgrun
 18381 | Orc:1    | Noticed Maurice
 18403 | Orc:1    | Killed Maurice
 18464 | Orc:2    | Entered Level 2 of the Orcish Mines
 18509 | Orc:2    | Found Voogebuf's Book Boutique.
 18661 | Orc:2    | Received a gift from Okawaru
 18664 | Orc:2    | Paralysed by an orc sorcerer for 4 turns
 18670 | Orc:2    | Reached skill level 16 in Fighting
 18840 | Orc:2    | Found Qorahod's Magic Scroll Shop.
 18840 | Orc:2    | Found Coteynan's Magic Scroll Shoppe.
 18842 | Orc:2    | Found Rishav's Antique Weapon Shop.
 18842 | Orc:2    | Found Caleusir's General Store.
 18848 | Orc:2    | Bought a scroll of fog for 44 gold pieces
 18848 | Orc:2    | Bought a scroll of fear for 44 gold pieces
 18848 | Orc:2    | Bought a scroll of fear for 44 gold pieces
 18848 | Orc:2    | Bought a scroll of fog for 44 gold pieces
 18851 | Orc:2    | Bought a potion of cancellation for 112 gold pieces
 18851 | Orc:2    | Bought a scroll of teleportation for 42 gold pieces
 18853 | Orc:2    | Bought a scroll of enchant armour for 82 gold pieces
 18853 | Orc:2    | Bought a scroll of enchant armour for 82 gold pieces
 19094 | Orc:2    | Found a staircase to the Elven Halls.
 19801 | Spider:1 | Entered Level 1 of the Spider Nest
 19931 | Spider:1 | Received a gift from Okawaru
 20845 | Spider:2 | Received a gift from Okawaru
 21492 | Spider:2 | Reached XP level 16. HP: 137/154 MP: 24/24
 21763 | Spider:2 | Received a gift from Okawaru
 21769 | Spider:2 | Reached skill level 17 in Fighting
 21934 | Spider:2 | Reached skill level 1 in Unarmed Combat
 21987 | Spider:3 | Noticed Arachne
 22001 | Spider:3 | Killed Arachne
 22732 | Spider:3 | Received a gift from Okawaru
 23338 | Spider:4 | Entered Level 4 of the Spider Nest
 23533 | Spider:4 | Reached skill level 15 in Polearms
 24063 | Spider:4 | Received a gift from Okawaru
 24098 | Spider:4 | Reached skill level 15 in Armour
 24131 | Spider:4 | Reached skill level 5 in Unarmed Combat
 24384 | Spider:4 | Reached XP level 17. HP: 148/163 MP: 0/26
 24388 | Spider:4 | Got a gossamer rune of Zot
 24748 | D:12     | Found a white marble altar of Elyvilon.
 24813 | D:12     | Noticed Sonja
 24816 | D:12     | Killed Sonja
 25184 | D:12     | Received a gift from Okawaru
 25199 | D:12     | Reached skill level 18 in Fighting
 25222 | D:12     | Found a runed translucent door.
 25749 | Swamp:1  | Entered Level 1 of the Swamp
 25765 | Swamp:1  | Noticed Nikola
 25783 | Swamp:1  | Killed Nikola
 26641 | Swamp:2  | Received a gift from Okawaru
 27621 | Swamp:3  | Received a gift from Okawaru
 27745 | Swamp:3  | Identified the serpent talisman of the Original Sin {*Slow
                  | rN++ Dex+2}
 27745 | Swamp:3  | Noticed Aizul
 27762 | Swamp:3  | Killed Aizul
 28181 | Swamp:4  | Entered Level 4 of the Swamp
 28418 | Swamp:4  | Received a gift from Okawaru
 28711 | Swamp:4  | Reached XP level 18. HP: 129/174 MP: 23/28
 28770 | Swamp:4  | Got a decaying rune of Zot
 28916 | Swamp:4  | Reached skill level 15 in Invocations
 28921 | Swamp:4  | Received a gift from Okawaru
 29429 | D:12     | Reached skill level 19 in Fighting
 29461 | Abyss:2  | Found a corrupted altar of Lugonu.
 29461 | Abyss:2  | Cast into level 2 of the Abyss (an occultist)
 29791 | D:12     | Escaped the Abyss
 29940 | D:12     | Identified the +1 chain mail of the Known World {rPois rC+
                  | Will++ Dex-5}
 30155 | D:13     | Noticed Nessos
 30166 | D:13     | Killed Nessos
 30226 | D:13     | Noticed Josephine
 30246 | D:13     | Killed Josephine
 30270 | D:13     | Noticed Snorg
 30280 | D:13     | Killed Snorg
 30405 | D:13     | Noticed Azrael
 30425 | D:13     | Killed Azrael
 30577 | D:13     | Noticed Frances
 30593 | D:13     | Gained mutation: Your body sometimes deteriorates upon
                  | taking damage. [a neqoxec]
 30594 | D:13     | Killed Frances
 30595 | D:13     | Lost mutation: Your body sometimes deteriorates upon taking
                  | damage. [potion of mutation]
 30595 | D:13     | Gained mutation: You passively dampen the noise of your
                  | surroundings. [potion of mutation]
 30595 | D:13     | Gained mutation: You have a somewhat thin skeletal
                  | structure. (Dex +2, Stealth+) [potion of mutation]
 31088 | D:13     | Found Yriptim's Distillery.
 31091 | D:13     | Bought a potion of berserk rage for 85 gold pieces
 31091 | D:13     | Bought a potion of heal wounds for 85 gold pieces
 31091 | D:13     | Bought a potion of haste for 170 gold pieces
 31091 | D:13     | Bought a potion of might for 68 gold pieces
 31091 | D:13     | Bought a potion of heal wounds for 85 gold pieces
 31562 | D:14     | Found the +3 pair of gauntlets of War {Slay+5}
 31608 | D:14     | Noticed Kirke
 31618 | D:14     | Killed Kirke
 31750 | D:14     | Noticed Louise
 31771 | D:14     | Killed Louise
 31771 | D:14     | Received a gift from Okawaru
 31940 | D:14     | Noticed Roxanne
 31966 | D:14     | Killed Roxanne
 32096 | D:14     | Found a gate to the Vaults.
 32399 | D:15     | Entered Level 15 of the Dungeon
 32544 | D:15     | Found a runed translucent gate.
 32544 | D:15     | Found a runed translucent gate.
 32544 | D:15     | Found a runed translucent gate.
 32546 | D:15     | Noticed Qitorr's ghost (adept FoFi)
 32648 | D:15     | Killed Qitorr's ghost
 32794 | D:15     | Found a staircase to the Depths.
 32808 | D:15     | Received a gift from Okawaru
 32884 | D:15     | Reached skill level 10 in Unarmed Combat
 33614 | WizLab   | Identified the "Duinauraoxt"
 33614 | Vaults:1 | Entered Level 1 of the Vaults
 33648 | Vaults:1 | Found a magical portal.
 33659 | WizLab   | Entered The Chambers of the Cloud Mage
 33663 | WizLab   | Paralysed by an air elemental for 1 turns
 33670 | WizLab   | Paralysed by an air elemental for 1 turns
 33694 | WizLab   | Reached skill level 10 in Shields
 33702 | WizLab   | Reached skill level 1 in Throwing
 33702 | WizLab   | Reached XP level 19. HP: 130/184 MP: 25/29
 33707 | WizLab   | Paralysed by an air elemental for 1 turns
 33777 | WizLab   | Paralysed by you for 3 turns
 34053 | WizLab   | Paralysed by an air elemental for 1 turns
 34070 | WizLab   | Paralysed by an air elemental for 1 turns
 34214 | WizLab   | Noticed Ceaczat
 34228 | WizLab   | Killed Ceaczat the Cloud Mage
 34344 | WizLab   | Identified the ring "Rucyuv" {*Slow Fly rN+++ Int-2 Dex+5}
 34530 | Vaults:1 | Reached skill level 20 in Fighting
 34849 | Vaults:1 | Received a gift from Okawaru
 35401 | Vaults:1 | HP: 9/187 [peacekeeper (13)]
 35984 | Vaults:1 | Received a gift from Okawaru
 36375 | Vaults:2 | Reached skill level 5 in Throwing
 36422 | Vaults:2 | Reached skill level 10 in Dodging
 36807 | Vaults:2 | Received a gift from Okawaru
 37346 | Vaults:2 | Identified the +11 mace of the Scuffed God {spect, +Blink
                  | rC+ Str+2 Int+2}
 37661 | Vaults:3 | Reached XP level 20. HP: 193/195 MP: 31/31
 37902 | Vaults:3 | Found a staircase to the Crypt.
 37902 | Vaults:3 | Found a basalt altar of Yredelemnul.
 37903 | Vaults:3 | Found an ancient bone altar of Kikubaaqudgha.
 37951 | Vaults:3 | Received a gift from Okawaru
 37952 | Vaults:3 | Reached skill level 21 in Fighting
 38819 | Vaults:3 | Received a gift from Okawaru
 39099 | Vaults:4 | Found a runed translucent gate.
 39099 | Vaults:4 | Noticed Antoec's ghost (adept VSBr)
 39100 | Vaults:4 | Found a runed translucent gate.
 39100 | Vaults:4 | Found a runed translucent gate.
 39102 | Vaults:4 | Identified the +7 plate armour of the Heavens {-Tele Fly
                  | rPois Regen+}
 39327 | Vaults:4 | Identified the +11 whip "Kuarcherph" {freeze, rElec rF+ rC+
                  | Int-3}
 39578 | Vaults:4 | Received a gift from Okawaru
 39751 | Vaults:4 | Identified the +8 sling of Optimality {flame, rN+ Str+3}
 40603 | Vaults:4 | Killed Antoec's ghost
 40650 | Vaults:4 | Identified a scroll of acquirement
 40651 | Vaults:4 | Acquired the +0 pair of gloves of Prudence {rElec rPois
                  | Int+3 Dex-2}
 40657 | Vaults:4 | Identified the +0 helmet of the Dropbear {rElec Str+6}
 40799 | Vaults:5 | Identified the "Keink"
 40799 | Vaults:5 | Identified the of Ysuyz
 40799 | Vaults:5 | Identified the "Honeid"
 40799 | Vaults:5 | Entered Level 5 of the Vaults
 40812 | Vaults:5 | Reached skill level 22 in Fighting
 40813 | Vaults:5 | Reached XP level 21. HP: 144/207 MP: 25/32
 40976 | Vaults:4 | Received a gift from Okawaru
 41039 | Vaults:5 | Noticed Frederick
 41039 | Vaults:5 | Noticed a dread lich
 41110 | Vaults:5 | Killed a dread lich
 41133 | Vaults:5 | Killed Frederick
 41187 | Vaults:5 | Reached skill level 15 in Shields
 41312 | Vaults:5 | Received a gift from Okawaru
 41313 | Vaults:5 | Reached skill level 10 in Throwing
 41341 | Vaults:5 | Killed from afar by a tengu reaver

Illustrated notes

Levels and vault maps discovered:
D:1:      amcnicky_arrival_wind_blow, layout_basic, roderic_serpentine_path
D:2:      layout_loops_corners, uniq_robin
D:3:      layout_basic, interstate_on_off, serial_bayou_pond_a, st_stairs_7,
          minmay_circle_x
D:4:      layout_basic, kennysheep_boxes
D:5:      layout_basic, temple_doors_cd, pf_guarded_unrand_delatra
D:6:      cheibrodos_steamvent, layout_basic, portal_sewer_entry_f
D:7:      layout_cave_pods, mainiacjoe_overflow_alcove_3
D:8:      layout_gridville, nemelex_diamond_rough_becter
D:9:      minmay_the_grid_triangle_9x9_rhombus_thin
          [minmay_the_grid_triangle_9x9_sprig,
          minmay_the_grid_triangle_9x9_prize_center,
          minmay_the_grid_triangle_9x9_odd_lines,
          minmay_the_grid_triangle_9x9_limited_checkers], layout_loops_cross,
          lair_entry_dummy
D:10:     hangedman_screamer, layout_irregular_city, erik_orc_4, uniq_grum,
          uniq_erolcha, uniq_psyche, uniq_maggie
D:11:     layout_irregular_city, dreamdust_princess_corridor,
          nicolae_transporter_intersection
D:12:     mludivico_vault, layout_irregular_city, elyvilon_altar_5, uniq_rupert,
          uniq_sonja
D:13:     layout_layer_cave, serial_shops, kennysheep_mini, uniq_frances,
          uniq_snorg, uniq_josephine, uniq_nessos, uniq_azrael
D:14:     layout_loops_ring, david_vaults_4, minivault_19, uniq_kirke,
          uniq_roxanne, uniq_louise
D:15:     hellmonk_depths_entry_around_the_bend, layout_basic,
          serial_park_square3 [serial_park_minivault_5x5_1],
          gammafunk_ghost_hydra_chop
Temple:   minmay_temple_bridge_d
Lair:1:   layout_big_grid
Lair:2:   layout_loops_ring, swamp_mist_pool, grunt_megastairs_3, uniq_nergalle
Lair:3:   layout_gridlike, nicolae_spider_entry_lesser_pyramids,
          serial_bayou_shore_a, lemuel_fruit_tree
Lair:4:   layout_regular_city, serial_forest, infiniplex_forest_lined_3,
          infiniplex_forest_lined_2, infiniplex_forest_straight_5,
          infiniplex_forest_clump_curved, infiniplex_forest_clump_medium,
          infiniplex_forest_diagonal, infiniplex_forest_clump_small,
          enter_volcano_2
Lair:5:   grunt_lair_end_beastmaster, layout_cave_pods, slime_entry_2
Swamp:1:  layout_basic_swamp, nicolae_swamp_treefoil, uniq_nikola
Swamp:2:  nicolae_swamp_phyte_club, layout_basic_swamp,
          evilmike_swamp_ruin_house_3
Swamp:3:  layout_basic_swamp, nicolae_swamp_dense_foliage, uniq_aizul
Swamp:4:  swamp_fiery, layout_basic_swamp
Spider:1: layout_spider_delve, beargit_elvish_explorers
Spider:2: nicolae_spider_hilbert_zone_2 [nicolae_spider_hilbert_4_sides_1_open,
          nicolae_spider_hilbert_4_sides_1_open,
          nicolae_spider_hilbert_4_sides_1_open,
          nicolae_spider_hilbert_4_sides_1_open,
          nicolae_spider_hilbert_6_sides_1_open,
          nicolae_spider_hilbert_6_sides_1_open,
          nicolae_spider_hilbert_3_sides_1_open,
          nicolae_spider_hilbert_3_sides_1_open,
          nicolae_spider_hilbert_3_sides_1_open,
          nicolae_spider_hilbert_3_sides_1_open,
          nicolae_spider_hilbert_6_sides_1_open,
          nicolae_spider_hilbert_6_sides_1_open,
          nicolae_spider_hilbert_6_sides_1_open,
          nicolae_spider_hilbert_6_sides_1_open], nicolae_looking_at_the_future
Spider:3: layout_spider_delve, uniq_arachne
Spider:4: grunt_spider_rune_circles, nicolae_spider_eight_legs
Orc:1:    layout_diamond_mine, uniq_jorgrun, uniq_maurice
Orc:2:    grunt_orc_tribal_feast, layout_diamond_mine, serial_shops,
          nicolae_shop_gibbet_a_chance
Vaults:1: infiniplex_enter_wizlab_water, ontoclasm_vaults_ligature,
          nicolae_vaults_doubleplus_tesselated, nicolae_vaults_cochlea,
          nicolae_vaults_variable_pillar_hall, nicolae_vaults_wrenched,
          hangedman_vaults_stretched_pinwheel,
          nicolae_vaults_trapezoid_lopsided_4, vaults_room_fours,
          nicolae_vaults_closet_pinwheel_1, v_pattern_1, grunt_vaults_twisty,
          grunt_vaults_focal, layout_vaults_quadrants
Vaults:2: nicolae_vaults_theta, vaults_dpeg_diagonal, vaults_dpeg_cross,
          v_misc_17, nicolae_vaults_tetromino_T_2,
          nicolae_vaults_more_shelving_2, layout_vaults_big_room
Vaults:3: nicolae_vaults_network_barrier, nicolae_vaults_network_star,
          nicolae_vaults_double_plus_1, nicolae_vaults_meeting,
          minmay_crypt_entry_necro_gods, nicolae_vaults_trapezoid_lopsided_1,
          ontoclasm_vaults_claustrophobia, v_misc_18, grunt_vaults_swirl,
          nicolae_vaults_windows_and_doors_thing, hangedman_vaults_cutoff,
          vaults_dpeg_emergency_exit, layout_vaults_omnicross
Vaults:4: biasface_ghost_orc_armoury, nicolae_vaults_puzzle_piece,
          hangedman_vaults_snaps, vaults_standard_mumra_x,
          nicolae_vaults_closet_pinwheel_4, v_misc_29,
          nicolae_vaults_trapezoid_2, grunt_vaults_hallway_short,
          nicolae_vaults_stairing_the_circle, vaults_room_large_hall,
          vaults_room_fancy_cross, nicolae_vaults_surprise_closet_hard,
          nicolae_vaults_circle_grid_b, nicolae_vaults_specimen_jars,
          layout_vaults_omnibox
Vaults:5: uniq_frederick

Skill      XL: |  1  2  3  4  5  6  7  8  9 10 11 12 13 14 15 16 17 18 19 20 21 |
---------------+----------------------------------------------------------------+-----
Long Blades    | 3 4 5 6 7 9 10 12 14 | 14.0
Shields        | 4 5 6 7 8 9 10 12 14 15 | 15.1
Armour         | 4 5 6 7 8 10 12 13 15 16 17 | 17.0
Fighting       | 4 5 6 7 8 10 11 12 14 15 16 17 18 19 20 22 | 22.4
Dodging        | 4 6 8 9 10 12 13 | 13.4
Invocations    | 3 5 7 8 10 11 13 14 15 16 | 16.0
Polearms       | 7 11 12 14 15 16 17 18 | 18.0
Unarmed Combat | 5 8 10 | 10.1
Throwing       | 1 6 9 10 | 10.0

Action                     |  1- 3 |  4- 6 |  7- 9 | 10-12 | 13-15 | 16-18 | 19-21 || total
---------------------------+-------+-------+-------+-------+-------+-------+-------++-------
  Melee: Long sword        |    85 |   107 |   220 |    79 |       |       |       ||   491
         Headbutt          |    17 |    16 |    83 |   144 |   368 |   466 |   382 ||  1476
         Scimitar          |       |       |   145 |   448 |       |       |       ||   593
         Lance             |       |       |       |    83 |  1412 |  2008 |  1325 ||  4828
  Throw: Dart              |       |       |       |       |       |     2 |       ||     2
 Invoke: Heroism           |       |       |     2 |     4 |     6 |    11 |    11 ||    34
         Finesse           |       |       |       |     2 |    10 |     9 |     6 ||    27
         Receive Weapon    |       |       |       |       |     1 |       |       ||     1
         Receive Armour    |       |       |       |       |     1 |       |       ||     1
  Evoke: Wand              |       |       |       |       |     1 |     7 |       ||     8
    Use: Scroll            |       |     7 |     1 |     8 |     1 |    11 |     6 ||    34
         Potion            |       |       |     2 |     3 |     1 |     2 |     6 ||    14
   Stab: Confused          |       |       |       |       |       |     5 |       ||     5
         Distracted        |       |       |       |       |       |     1 |       ||     1
 Armour: Scale mail        |    60 |    70 |   292 |   316 |   487 |   720 |       ||  1945
         Chain mail        |       |       |       |       |       |   191 |   697 ||   888
  Dodge: Dodged            |    36 |    38 |   162 |   351 |   496 |   561 |   290 ||  1934
  Block: Buckler           |    17 |    24 |    93 |   141 |   172 |   251 |    63 ||   761
         Tower shield      |       |       |       |       |       |       |   560 ||   560
         Reflection        |       |       |       |       |       |       |    38 ||    38

Table legend: (Time is in decaauts)
 A = Elapsed time spent in this place.
 B = Non-inter-level travel time spent in this place.
 C = Inter-level travel time spent in this place.
 D = Time resting spent in this place.
 E = Time spent auto-exploring this place.
 F = Levels seen in this place.
 G = Mean time per level.
                   A        B        C        D        E       F      G
               +--------+--------+--------+--------+--------+-----+--------+
         Total |  38992 |  36571 |   2421 |   4410 |  23503 |  40 |  974.8 |
       Dungeon |  17579 |  16233 |   1346 |   1402 |  11733 |  15 | 1171.9 |
        Temple |    136 |      1 |    135 |      0 |      0 |   1 |  136.0 |
          Lair |   4918 |   4555 |    363 |    202 |   3223 |   5 |  983.6 |
         Swamp |   3018 |   2882 |    136 |    293 |   1904 |   4 |  754.5 |
   Spider Nest |   4326 |   4176 |    150 |    896 |   1912 |   4 | 1081.5 |
  Orcish Mines |   1224 |   1137 |     87 |     45 |    742 |   2 |  612.0 |
        Vaults |   6372 |   6170 |    202 |   1023 |   3924 |   5 | 1274.4 |
         Abyss |    274 |    274 |      0 |     58 |      0 |   1 |  274.0 |
         Sewer |    191 |    191 |      0 |     22 |      0 |   1 |  191.0 |
       Volcano |    157 |    157 |      0 |     27 |      0 |   1 |  157.0 |
        Wizlab |    792 |    792 |      0 |    442 |     65 |   1 |  792.0 |
               +--------+--------+--------+--------+--------+-----+--------+

Top non-repeatable levels by time:
Vaults:4: 1996 daAuts
Vaults:1: 1773 daAuts
     D:9: 1584 daAuts
    D:12: 1501 daAuts
     D:7: 1436 daAuts
Vaults:3: 1347 daAuts
     D:4: 1282 daAuts
Spider:3: 1246 daAuts
Spider:2: 1228 daAuts
     D:8: 1220 daAuts
    D:13: 1185 daAuts
     D:3: 1178 daAuts
     D:6: 1177 daAuts
     D:5: 1147 daAuts
  Lair:5: 1143 daAuts
